 Dungeon Crawl Stone Soup version 0.31-a0-931-g7b59d4eb97 (webtiles) character file.

Game seed: 7171825428461697505

1190 Pixllover the Geomancer (level 8, -11/44 HPs)
             Began as a Gargoyle Earth Elementalist on Oct 19, 2023.
             Was an Initiate of Vehumet.
             Engulfed by a cloud of steam (12 damage)
             ... on level 6 of the Dungeon.
             The game lasted 00:14:03 (4965 turns).

Pixllover the Geomancer (GrEE)                      Turns: 4965, Time: 00:14:07

Health: -11/44     AC:  8    Str: 11    XL:     8   Next: 43%
Magic:  11/16      EV: 17    Int: 19    God:    Vehumet [......]
Gold:   326        SH:  0    Dex: 10    Spells: 12/18 levels left

rFire   . . .        c - +4 dagger
rCold   . . .        (no shield)
rNeg    + . .        a - +0 robe
rPois   ∞            l - +0 helmet
rElec   +            (no cloak)
rCorr   .            (no gloves)
SInv    .            (no boots)
Will    .....        (no amulet)
Stlth   ++           o - +5 ring of evasion
HPRegen 0.27/turn    (no ring)
MPRegen 0.15/turn

%: no passive effects
@: no status effects
A: sickness immunity, AC +5, negative energy resistance 1, electricity
resistance, torment resistance 1, petrification resistance
a: Renounce Religion


You were on level 6 of the Dungeon.
You worshipped Vehumet.
Vehumet was noncommittal.
You visited 1 branch of the dungeon, and saw 6 of its levels.

You collected 326 gold pieces.

Inventory:

Hand Weapons
 c - a +4 dagger (weapon)
Missiles
 f - 4 curare-tipped darts (quivered)
 m - 3 throwing nets
 q - 2 poisoned darts
Armour
 a - a +0 robe (worn)
 l - a +0 helmet (worn)
Jewellery
 o - a +5 ring of evasion (left hand)
Wands
 n - a wand of mindburst (11)
Scrolls
 g - a scroll of enchant weapon {unknown}
 i - 2 scrolls of torment
 j - 2 scrolls of enchant armour {unknown}
 k - 7 scrolls of teleportation
 r - a scroll of fog
 t - a scroll of identify
 v - a scroll of revelation {unknown}
Potions
 b - a potion of magic
 d - 5 potions of curing
 e - 2 potions of mutation
 h - a potion of ambrosia {unknown}
 p - 2 potions of haste {unknown}
 s - a potion of enlightenment {unknown}
 u - a potion of degeneration {unknown}


   Skills:
 + Level 1.6 Fighting
 + Level 2.6 Short Blades
 + Level 2.7 Dodging
 + Level 3.5 Stealth
 + Level 5.5 Spellcasting
 + Level 0.8 Transmutations
 + Level 8.0 Earth Magic


You had 12 spell levels left.
You knew the following spells:

 Your Spells              Type           Power      Damage    Failure   Level
a - Sandblast             Erth           70%        2d15      1%          1
b - Passwall              Tmut/Erth      18%        N/A       2%          2
c - Stone Arrow           Conj/Erth      40%        3d9       7%          3

Your spell library contained the following spells:

 Spells                   Type           Power      Damage    Failure   Level
 Sting                    Tmut/Pois      24%        1d4       10%         1
 Foxfire                  Conj/Fire      20%        2x1d5     12%         1
 Freeze                   Ice            20%        1d4       12%         1
 Slow                     Hex            20%        N/A       12%         1
 Poisonous Vapours        Pois/Air       10%        N/A       19%         2
 Petrify                  Tmut/Erth      22%        N/A       19%         4
 Brom's Barrelling Bould  Conj/Erth      20%        2d4       22%         4
 Confusing Touch          Hex            5%         N/A       34%         3
 Frozen Ramparts          Ice            10%        1d2       34%         3
 Hailstorm                Conj/Ice       5%         3d4       34%         3
 Sigil of Binding         Hex            5%         N/A       34%         3
 Vampiric Draining        Necr           5%         2d6       34%         3
 Volatile Blastmotes      Fire/Tloc      10%        2d10      34%         3
 Fulminant Prism          Conj/Hex       2%         3d5       75%         4
 Iskenderun's Mystic Bla  Conj/Tloc      5%         2d3       75%         4
 Olgreb's Toxic Radiance  Pois           5%         N/A       75%         4
 Plasma Beam              Fire/Air       2%         2x1d12    100%        6
 Starburst                Conj/Fire      2%         6d3       100%        6


Dungeon Overview and Level Annotations

Branches:
Dungeon (6/15)
 Temple: D:4-7

Altars:
Makhleb
Uskayaw
Vehumet

Annotations:
D:4 3 runed translucent doors, Talonman3's ghost, amateur DsNe


Innate Abilities, Weirdness & Mutations

You are immune to sickness and miasma.
Your stone body is resilient. (AC +5)
You are immune to poison.
You resist negative energy. (rN+)
You are resistant to electric shocks. (rElec)
You are resistant to unholy torment.
You are immune to petrification.


Message History

The steam dragon is severely wounded.
You are engulfed in a cloud of scalding steam.
The steam dragon misses you. The steam dragon closely misses you.
The steam dragon breathes steam at you. The ball of steam misses you.
Casting: Sandblast (safe; 1% risk of failure)
Confirm with . or Enter, or press ? or * to list all spells.
Aiming: Sandblast (safe; 1% risk of failure)
Press: ? - help, Shift-Dir - straight line, f/p - steam dragon
Aim: a steam dragon (severely wounded, catching its breath, 84% to hit)
The blast of sand hits the steam dragon.
The steam dragon is severely wounded.
You are engulfed in a cloud of scalding steam.
The steam dragon bites you.
* * * LOW HITPOINT WARNING * * *
The steam dragon claws you but does no damage.
The steam dragon barely misses you. The steam dragon claws you.
* * * LOW HITPOINT WARNING * * *
Casting: Sandblast (safe; 1% risk of failure)
Confirm with . or Enter, or press ? or * to list all spells.
Aiming: Sandblast (safe; 1% risk of failure)
Press: ? - help, Shift-Dir - straight line, f/p - steam dragon
Aim: a steam dragon (severely wounded, 84% to hit)
The blast of sand hits the steam dragon but does no damage.
The steam dragon is severely wounded.
The steam dragon breathes steam at you. The ball of steam hits you!
* * * LOW HITPOINT WARNING * * *
The steam dragon barely misses you. x2
Okay, then.
Casting: Sandblast (safe; 1% risk of failure)
Confirm with . or Enter, or press ? or * to list all spells.
Aiming: Sandblast (safe; 1% risk of failure)
Press: ? - help, Shift-Dir - straight line, f/p - steam dragon
Aim: a steam dragon (severely wounded, catching its breath, 84% to hit)
The blast of sand hits the steam dragon.
You kill the steam dragon!
Vehumet accepts your kill.
You are engulfed in a cloud of scalding steam.
You die...

.......#....#...........
.......#....#...........
.......#....#......§.§..
.......#....#...........
.......#....#...........
.......##'###...........
.......)................
.............###'##.....
#######......#..@§# ...
# #......#....# . #
#......#....# #
#......#....# #
#......#..... #
#......#.....# #.....#
+.....#


There were no monsters in sight!

Vanquished Creatures
  Sigmund (D:3)
  A steam dragon (D:6)
  A water moccasin (D:6)
  A black bear (D:5)
  2 scorpions
  2 hounds
  An orc priest (D:4)
  Ijyb (D:3)
  Jessica (D:2)
  Natasha (thrice) (D:2)
  2 gnoll boudas
  An iguana (D:5)
  A sleepcap (D:4)
  4 orc wizards
  A statue (D:4)
  8 gnolls
  11 adders
  A shadow imp (D:6)
  2 ufetubi (D:5)
  4 dart slugs
  8 orcs
  8 ball pythons
  6 endoplasms
  5 giant cockroaches
  8 hobgoblins
  3 jackals (D:3)
  A quokka (D:1)
  5 bats
  3 frilled lizards
  15 goblins
  5 kobolds
  5 rats
121 creatures vanquished.

Notes
Turn   | Place    | Note
-------+----------+-------------------------------------------
     0 | D:1      | Pixllover the Gargoyle Earth Elementalist began the quest
                  | for the Orb.
     0 | D:1      | Reached XP level 1. HP: 10/10 MP: 3/3
    26 | D:1      | Reached skill level 4 in Earth Magic
    91 | D:1      | Reached XP level 2. HP: 15/15 MP: 1/5
   318 | D:1      | Reached XP level 3. HP: 19/19 MP: 6/6
  1021 | D:2      | Noticed Natasha
  1024 | D:2      | Killed Natasha
  1025 | D:2      | Reached skill level 5 in Earth Magic
  1025 | D:2      | Reached XP level 4. HP: 24/24 MP: 5/7
  1061 | D:2      | Identified the +7 chain mail of the Green God {rC+ rCorr}
  1177 | D:2      | Noticed Natasha
  1180 | D:2      | Killed Natasha
  1243 | D:2      | Identified the +4 hand axe of Faizxi {vamp, *Corrode rElec
                  | Int+3}
  1318 | D:2      | Learned a level 2 spell: Passwall
  1437 | D:2      | Noticed Natasha
  1438 | D:2      | Noticed Jessica
  1442 | D:2      | Killed Natasha
  1443 | D:2      | Reached XP level 5. HP: 22/28 MP: 6/9
  1446 | D:2      | Killed Jessica
  1705 | D:2      | Reached skill level 1 in Short Blades
  1736 | D:3      | Noticed Sigmund
  1769 | D:3      | Killed Sigmund
  1770 | D:3      | Reached skill level 6 in Earth Magic
  1770 | D:3      | Reached XP level 6. HP: 12/33 MP: 8/11
  1859 | D:3      | Found a hide-covered altar of Uskayaw.
  2454 | D:3      | Noticed Ijyb
  2471 | D:3      | Killed Ijyb
  2472 | D:3      | Reached skill level 1 in Fighting
  2901 | D:4      | Reached XP level 7. HP: 34/38 MP: 10/12
  2920 | D:4      | Found a radiant altar of Vehumet.
  2930 | D:4      | Noticed Talonman3's ghost (amateur DsNe)
  2943 | D:4      | Found a runed translucent gate.
  2943 | D:4      | Found a runed translucent gate.
  2943 | D:4      | Found a runed translucent gate.
  3340 | D:4      | Reached skill level 7 in Earth Magic
  3623 | D:4      | Found a burning altar of Makhleb.
  3883 | D:4      | Became a worshipper of Vehumet
  3941 | D:5      | Entered Level 5 of the Dungeon
  4266 | D:5      | Reached XP level 8. HP: 40/43 MP: 10/15
  4270 | D:5      | Learned a level 3 spell: Stone Arrow
  4396 | D:5      | Reached skill level 5 in Spellcasting
  4879 | D:6      | Reached skill level 8 in Earth Magic
  4964 | D:6      | HP: 1/44 [steam dragon/ball of steam (9)]
  4965 | D:6      | Engulfed by a cloud of steam

Illustrated notes

Levels and vault maps discovered:
D:1:      onia_arrival_pyramid, layout_basic
D:2:      layout_loops_cross, uniq_jessica, uniq_natasha
D:3:      kennysheep_the_goblin_king, layout_loops_ring,
          nicolae_uskayaw_murder_on_the_dancefloor,
          corexii_item_surrounded_by_moat, corexii_hall_statues_x,
          nicolae_figureground_pulse, uniq_ijyb, uniq_sigmund
D:4:      layout_loops_ring, vehumet_statue, bloody_makhleb,
          gammafunk_ghost_split, kennysheep_orc_chapel
D:5:      layout_basic
D:6:      layout_gridville, mainiacjoe_overflow_24_doors,
          minmay_temple_entry_fiery

Skill      XL: |  1  2  3  4  5  6  7  8 |
---------------+-------------------------+-----
Earth Magic    | 4 5 6 7 8 |  8.0
Dodging        | 2 |  2.7
Spellcasting   | 3 4 5 |  5.5
Short Blades   | 1 2 |  2.6
Stealth        | 3 |  3.5
Fighting       | 1 |  1.6
Transmutations | |  0.8

Action                     |  1- 3 |  4- 6 |  7- 9 || total
---------------------------+-------+-------+-------++-------
  Melee: Dagger            |    53 |    78 |    85 ||   216
         Punch             |       |       |     2 ||     2
   Cast: Sandblast         |    20 |    40 |    74 ||   134
    Use: Potion            |       |     2 |       ||     2
         Scroll            |       |     9 |     1 ||    10
   Stab: Sleeping          |     1 |       |     1 ||     2
 Armour: Robe              |    28 |    53 |    48 ||   129
  Dodge: Dodged            |    33 |    61 |    96 ||   190

Table legend: (Time is in decaauts)
 A = Elapsed time spent in this place.
 B = Non-inter-level travel time spent in this place.
 C = Inter-level travel time spent in this place.
 D = Time resting spent in this place.
 E = Time spent auto-exploring this place.
 F = Levels seen in this place.
 G = Mean time per level.
                   A        B        C        D        E       F      G
               +--------+--------+--------+--------+--------+-----+--------+
         Total |   5016 |   4927 |     89 |    261 |   3218 |   6 |  836.0 |
       Dungeon |   5016 |   4927 |     89 |    261 |   3218 |   6 |  836.0 |
               +--------+--------+--------+--------+--------+-----+--------+

Top non-repeatable levels by time:
     D:3: 1129 daAuts
     D:4: 1099 daAuts
     D:1: 961 daAuts
     D:5: 835 daAuts
     D:2: 786 daAuts
     D:6: 205 daAuts
